 Dungeon Crawl Stone Soup version 0.19-a0-1238-gee6bd96 (webtiles) character file.

18888 st0uf the Arsonist (level 12, 0/97 HPs)
             Began as a Black Draconian Fire Elementalist on Aug 25, 2016.
             Was a High Priest of Sif Muna.
             Slain by George's ghost (1 damage)
             ... on level 11 of the Dungeon on Aug 26, 2016.
             The game lasted 01:34:25 (15355 turns).

st0uf the Arsonist (DrFE)                          Turns: 15355, Time: 01:34:26

Health: 0/97       AC: 15    Str: 11    XL:     12   Next: 31%
Magic:  22/43      EV: 16    Int: 20    God:    Sif Muna [*****.]
Gold:   1334       SH:  0    Dex: 12    Spells: 6 memorised, 12 levels left

rFire  . . .     SeeInvis .     X - +4 quarterstaff (speed)
rCold  . . .     Gourm    .     (armour unavailable)
rNeg   . . .     Faith    .     (shield currently unavailable)
rPois  .         Spirit   .     d - +2 hat
rElec  +         Dismiss  .     u - +2 cloak
rCorr  .         Reflect  .     G - +0 pair of gloves (curse)
MR     .....     Harm     .     h - +0 pair of boots
Stlth  ++........               (no amulet)
                                O - ring of magical power
                                n - ring of magical power

@: slowed, very slow
A: breathe lightning, unfitting armour, electricity resistance, wild magic 1,
cold-blooded, AC +8
a: Breathe Lightning, Divine Energy, Channel Magic, Forget Spell, Renounce
Religion


You were on level 11 of the Dungeon.
You worshipped Sif Muna.
Sif Muna was extremely pleased with you.
You were hungry.

You visited 3 branches of the dungeon, and saw 14 of its levels.
You also visited: Ossuary.

You collected 1487 gold pieces.
You spent 153 gold pieces at shops.

Inventory:

Hand Weapons
 X - a +4 quarterstaff of speed (weapon)
Missiles
 y - a throwing net (quivered)
Armour
 d - a +2 hat (worn)
 h - a +0 pair of boots (worn)
 q - a +0 shield
 u - a +2 cloak (worn)
 G - a cursed +0 pair of gloves (worn)
Jewellery
 n - a ring of magical power (left hand)
 O - a ring of magical power (right hand)
Wands
 C - a wand of slowing (10/48)
 E - a wand of flame (35/48)
 T - a wand of lightning (10/15)
Scrolls
 e - 2 scrolls of identify
 k - 3 scrolls of remove curse
 m - a scroll of enchant armour
 p - 4 scrolls of enchant weapon
 r - 3 scrolls of fog
 x - 2 scrolls of recharging {unknown}
 A - a scroll of random uselessness {unknown}
 H - a scroll of fear
 I - 2 scrolls of amnesia {unknown}
 M - a scroll of acquirement {unknown}
 Q - 2 scrolls of teleportation {unknown}
 S - a scroll of brand weapon {unknown}
 U - a scroll of vulnerability {unknown}
 Y - a scroll of blinking {unknown}
Potions
 c - a potion of berserk rage
 f - 3 potions of haste
 i - a potion of brilliance
 l - 5 potions of agility
 o - 6 potions of curing
 z - 3 potions of might
 B - a potion of ambrosia
 D - a potion of invisibility
 F - 4 potions of flight
 J - 2 potions of heal wounds
 V - a potion of magic
Books
 a - a book of Flames

   Spells                             Type                      Level
   a - Flame Tongue                   Conjuration/Fire             1
   b - Throw Flame                    Conjuration/Fire             2
   c - Conjure Flame                  Conjuration/Fire             3
   d - Inner Flame                    Hexes/Fire                   3
   e - Sticky Flame                   Conjuration/Fire             4
   f - Fireball                       Conjuration/Fire             5
 v - Sif Muna's Volume of Lucky Envenoming
   (Sif Muna gifted it to you on level 2 of the Orcish Mines)

   Spells                             Type                      Level
   a - Sting                          Conjuration/Poison           1
   b - Ignite Poison                  Fire/Transmutation/Poison    3
   c - Olgreb's Toxic Radiance        Poison                       4
   d - Alistair's Intoxication        Transmutation/Poison         5
   e - Deflect Missiles               Charms/Air                   6
 K - a book of Unlife

   Spells                             Type                      Level
   a - Recall                         Summoning/Translocation      3
   b - Animate Dead                   Necromancy                   4
   c - Control Undead                 Necromancy                   4
   d - Cigotuvi's Embrace             Necromancy                   5
   e - Death Channel                  Necromancy                   6
   f - Simulacrum                     Ice/Necromancy               6
 Z - a book of Burglary

   Spells                             Type                      Level
   a - Swiftness                      Charms/Air                   2
   b - Passwall                       Transmutation/Earth          2
   c - Passage of Golubria            Translocation                4
   d - Lee's Rapid Deconstruction     Earth                        5
   e - Darkness                       Hexes                        6
   f - Invisibility                   Hexes                        6
Miscellaneous
 W - a crystal ball of energy
Comestibles
 b - 8 bread rations
 g - 3 beef jerkies
 j - 2 chunks of flesh
 s - a royal jelly
 t - 10 fruits
 w - 2 meat rations
 N - 10 slices of pizza


   Skills:
 + Level 6.6 Fighting
 + Level 5.1 Staves
 + Level 7.4 Dodging
 + Level 4.1 Stealth
 + Level 2.2 Unarmed Combat
 + Level 9.1 Spellcasting
 + Level 9.4 Conjurations
 + Level 1.3 Transmutations
 + Level 9.6 Fire Magic
 + Level 2.2 Poison Magic


You had 12 spell levels left.
You knew the following spells:

 Your Spells              Type           Power        Failure   Level  Hunger
a - Flame Tongue          Conj/Fire      #####        1%          1    None
b - Conjure Flame         Conj/Fire      ######..     1%          3    None
c - Sticky Flame          Conj/Fire      ######..     2%          4    ###....
d - Fireball              Conj/Fire      ######....   10%         5    #####..
e - Sting                 Conj/Pois      ####         1%          1    None
f - Ignite Poison         Fire/Tmut/Pois ####....     8%          3    None


Dungeon Overview and Level Annotations

Branches:
Dungeon (11/15)            Temple (1/1) D:4             Orc (2/2) D:10
    Elf (0/3) Orc:2
   Lair: D:8-11

Altars:
Ashenzari
Cheibriados
Dithmenos
Elyvilon
Fedhas
Gozag
Hepliaklqana
Kikubaaqudgha
Makhleb
Nemelex Xobeh
Okawaru
Qazlal
Ru
Sif Muna
Trog
Uskayaw
Vehumet
Xom
Yredelemnul
Zin
The Shining One
Beogh

Shops:
D:4 *   D:8 [   Orc:2 =(=!

Annotations:
D:11 George's ghost, journeyman MiBe


Innate Abilities, Weirdness & Mutations

You can breathe wild blasts of lightning.
Your glossy black scales are hard. (AC +8)
Your body does not fit into most forms of armour.
You are resistant to electric shocks. (rElec)
You are cold-blooded and may be slowed by cold attacks.
Your spells are a little harder to cast, but a little more powerful.


Message History

Aim: George's ghost, wielding a weapon of freezing (lightly damaged)
The flame tongue misses George's ghost.
George's ghost hits you! George's ghost freezes you.
Casting: Flame Tongue
Confirm with . or Enter, or press ? or * to list all spells.
Aiming: Fireball
Press: ? - help, Shift-Dir - straight line, p - George's ghost The fireball explodes!
The fireball engulfs George's ghost.
George's ghost is moderately damaged.
You are feeling hungry.
You hear a shout! x4
George's ghost misses you. George's ghost hits you!!
You feel as though you will be slow longer.
George's ghost freezes you!
* * * LOW HITPOINT WARNING * * *
George's ghost hits you!!
* * * LOW HITPOINT WARNING * * *
You feel as though you will be slow longer.
George's ghost freezes you.
You die...

# . #. ..
#.#######...
####...........
......W........
.......@....#
.#########..# #


You could see George's ghost.

Vanquished Creatures
  An orc sorcerer (Orc:1)
  3 orc knights (Orc:2)
  2 cyclopes
  Maurice (D:10)
  Joseph (D:10)
  4 trolls
  A two-headed ogre (D:8)
  A spriggan (D:9)
  Sigmund (D:2)
  2 wyverns
  A hippogriff (D:8)
  A water moccasin (D:8)
  5 ice beasts
  30 orc warriors
  2 black bears
  An eye of draining (D:10)
  2 wasps
  12 ogres
  10 centaurs
  A crocodile (D:8)
  A big kobold (D:9)
  Blork the orc (D:5)
  2 elf zombies (Ossuary)
  3 giant frogs
  3 scorpions
  2 howler monkeys
  A quasit (D:9)
  A jelly (D:5)
  Crazy Yiuf (D:6)
  2 giant frog skeletons
  3 hounds
  2 human zombies (Ossuary)
  9 orc priests
  12 orc wizards
  A centaur skeleton (D:10)
  3 iguanas
  10 worker ants
  Natasha (thrice) (D:4)
  A hound skeleton (D:4)
  2 mummies (Ossuary)
  2 worker ant zombies
  6 gnolls (D:4)
  13 adders
  3 shadow imps
  2 oozes
  3 adder zombies
  3 worms
  4 dart slugs (D:1)
  9 giant geckos
  55 orcs
  5 ball pythons
  6 giant cockroaches
  9 hobgoblins
  13 jackals
  2 quokkas
  8 bats
  4 giant newts
  9 goblins
  A goblin zombie (Ossuary)
  6 hobgoblin zombies (Ossuary)
  A jackal skeleton (D:5)
  4 jackal zombies
  14 kobolds
  8 kobold zombies (Ossuary)
  14 orc zombies (Ossuary)
  3 quokka skeletons
  2 quokka zombies
  13 rats
367 creatures vanquished.

Notes
Turn   | Place    | Note
-------+----------+-------------------------------------------
     0 | D:1      | st0uf the Draconian Fire Elementalist began the quest for the Orb.
     0 | D:1      | Reached XP level 1. HP: 14/14 MP: 3/3
   131 | D:1      | Reached XP level 2. HP: 10/20 MP: 0/5
   965 | D:1      | Reached XP level 3. HP: 26/26 MP: 3/6
  1633 | D:2      | Noticed Sigmund
  1692 | D:2      | Learned a level 3 spell: Conjure Flame
  1814 | D:2      | Reached XP level 4. HP: 33/33 MP: 1/7
  1970 | D:2      | Found a bloodstained altar of Trog.
  1970 | D:2      | Found a glowing golden altar of the Shining One.
  2227 | D:2      | Killed Sigmund
  2227 | D:2      | Reached skill level 1 in Fighting
  2227 | D:2      | Reached skill level 1 in Unarmed Combat
  2227 | D:2      | Reached XP level 5. HP: 31/40 MP: 0/9
  2877 | D:3      | Reached XP level 6. HP: 38/47 MP: 6/10
  4059 | D:4      | Noticed Natasha
  4061 | D:4      | Killed Natasha
  4122 | D:4      | Learned a level 4 spell: Sticky Flame
  4155 | D:4      | Your scales start taking on a glossy black colour.
  4155 | D:4      | Reached XP level 7. HP: 52/52 MP: 9/12
  4155 | D:4      | Gained mutation: You are resistant to electric shocks. (rElec) [Black Draconian growth]
  4392 | D:4      | Found Fimin's General Store.
  4435 | D:4      | Noticed Natasha
  4442 | D:4      | Killed Natasha
  4450 | D:4      | Noticed Natasha
  4475 | D:4      | Killed Natasha
  4560 | D:4      | Bought a scroll of identify for 22 gold pieces
  4582 | D:4      | Reached skill level 5 in Fire Magic
  4877 | D:4      | Found a staircase to the Ecumenical Temple.
  4893 | Temple   | Entered the Ecumenical Temple
  5130 | Temple   | Became a worshipper of Sif Muna the Loreminder
  5524 | D:5      | Entered Level 5 of the Dungeon
  5567 | D:5      | Reached XP level 8. HP: 44/59 MP: 15/15
  5605 | D:5      | Reached skill level 5 in Spellcasting
  5625 | D:5      | Found a sand-covered staircase.
  5632 | Ossuary  | Entered an ossuary
  5711 | Ossuary  | Reached * piety under Sif Muna
  6032 | D:5      | Found a stormy altar of Qazlal.
  6216 | D:4      | Bought a scroll of remove curse for 33 gold pieces
  6216 | D:4      | Bought a scroll of fear for 38 gold pieces
  6255 | D:5      | Noticed Blork the orc
  6267 | D:5      | Killed Blork the orc
  6710 | D:6      | Reached skill level 5 in Conjurations
  6838 | D:6      | Found a runed door.
  6842 | D:6      | Noticed Crazy Yiuf
  6847 | D:6      | Killed Crazy Yiuf
  6987 | D:6      | You fall through a shaft for 2 floors!
  7006 | D:7      | Reached ** piety under Sif Muna
  7244 | D:7      | Found an iron altar of Okawaru.
  7275 | D:7      | Reached XP level 9. HP: 64/67 MP: 17/17
  7959 | D:7      | Found a snail-covered altar of Cheibriados.
  8758 | D:8      | Found a radiant altar of Vehumet.
  8877 | D:8      | Reached *** piety under Sif Muna
  8951 | D:8      | Found Josieda's Antique Armour Shoppe.
  9119 | D:8      | Found an ancient bone altar of Kikubaaqudgha.
  9301 | D:8      | Found a glowing silver altar of Zin.
  9729 | D:9      | Found a blossoming altar of Fedhas.
  9729 | D:9      | Found a glowing silver altar of Zin.
  9829 | D:9      | Noticed a cyclops
  9858 | D:9      | Killed a cyclops
  9858 | D:9      | Reached XP level 10. HP: 8/74 MP: 20/20
 10577 | D:9      | Reached **** piety under Sif Muna
 10820 | D:10     | Entered Level 10 of the Dungeon
 11050 | D:10     | Noticed a cyclops
 11214 | D:10     | Killed a cyclops
 11214 | D:10     | Reached skill level 5 in Dodging
 11376 | D:10     | Noticed Joseph
 11387 | D:10     | Killed Joseph
 11458 | D:10     | Noticed Maurice
 11535 | D:9      | Learned a level 5 spell: Fireball
 11656 | D:9      | Reached skill level 5 in Staves
 11656 | D:9      | Reached XP level 11. HP: 91/91 MP: 22/22
 11657 | D:9      | Gained mutation: Your spells are a little harder to cast, but a little more powerful. [potion of beneficial mutation]
 12146 | D:10     | Found a staircase to the Orcish Mines.
 12358 | D:10     | Killed Maurice
 12448 | Orc:1    | Entered Level 1 of the Orcish Mines
 12489 | Orc:1    | Noticed an orc sorcerer
 12494 | Orc:1    | Killed an orc sorcerer
 12764 | Orc:1    | Reached ***** piety under Sif Muna
 12790 | Orc:1    | Found a roughly hewn altar of Beogh.
 12888 | Orc:2    | Entered Level 2 of the Orcish Mines
 12912 | Orc:2    | Found a roughly hewn altar of Beogh.
 13082 | Orc:2    | Identified Sif Muna's Volume of Lucky Envenoming (Sif Muna gifted it to you on level 2 of the Orcish Mines)
 13082 | Orc:2    | Received a gift from Sif Muna
 13090 | Orc:2    | Learned a level 1 spell: Sting
 13094 | Orc:2    | Learned a level 3 spell: Ignite Poison
 13167 | Orc:2    | Found a staircase to the Elven Halls.
 13480 | Orc:2    | Reached XP level 12. HP: 78/97 MP: 9/24
 13822 | Orc:2    | Reached skill level 1 in Poison Magic
 14084 | Orc:2    | Reached skill level 1 in Transmutations
 14659 | Orc:2    | Found Osaistreacw's Jewellery Shop.
 14659 | Orc:2    | Found Oreodip's Weapon Emporium.
 14661 | Orc:2    | Found Meficirgh's Jewellery Shoppe.
 14663 | Orc:2    | Found Myugg's Distillery.
 14667 | Orc:2    | Bought a potion of heal wounds for 60 gold pieces
 15312 | D:10     | Upgraded the game from 0.19-a0-1225-gf887c1c to 0.19-a0-1238-gee6bd96
 15347 | D:11     | Noticed George's ghost (journeyman MiBe)
 15355 | D:11     | HP: 1/97 [George's ghost (20)]
 15355 | D:11     | Slain by George's ghost

Vault maps used:
D:1:      dpeg_arrival_court, moated_statue
D:2:      grunt_temple_overflow_open, minmay_rat_gold_closets, uniq_sigmund
D:3:      grunt_decor_cap
D:4:      serial_corexii_hall, corexii_hall_statues_i, corexii_hall_statues_i,
          first_bread, serial_shops, shop, uniq_natasha
D:5:      chequers_ossuary_entry_cave, kennysheep_small_circle,
          uniq_blork_the_orc
D:6:      uniq_crazy_yiuf_cottage
D:7:      old_standard_altar, basic_altar
D:8:      old_standard_altar, lemuel_crystal_altar, basic_altar, serial_shops,
          nicolae_shop_crystal
D:9:      gammafunk_temple_overflow_elements, grunt_pizzeria
D:10:     david_orc_2, uniq_maurice, uniq_joseph
D:11:     dpeg_lair_monsters
Temple:   dpeg_chambers_temple
Orc:1:    nicolae_orc_accident_2
Orc:2:    st_orc_rangers, basic_altar
Ossuary:  ossuary_tomb_1

Skill      XL: |  1  2  3  4  5  6  7  8  9 10 11 12 |
---------------+-------------------------------------+-----
Dodging        | 2 3 4 7 |  7.4
Fire Magic     | 4 5 6 7 8 9 |  9.6
Stealth        | 2 3 4 |  4.1
Fighting       | 1 2 6 |  6.6
Unarmed Combat | 1 2 |  2.2
Spellcasting   | 3 4 5 7 8 9 |  9.1
Conjurations   | 2 4 5 7 8 9 |  9.4
Staves         | 5 |  5.1
Poison Magic   | 2 |  2.2
Transmutations | 1 |  1.3

Action                   |  1- 3 |  4- 6 |  7- 9 | 10-12 || total
-------------------------+-------+-------+-------+-------++-------
Melee: Unarmed           |    84 |    23 |    91 |     4 ||   202
       Tailslap          |     6 |       |     5 |     2 ||    13
       Punch             |       |       |       |     1 ||     1
       Quarterstaff      |       |       |       |    31 ||    31
 Cast: Flame Tongue      |    60 |   131 |   294 |   145 ||   630
       Conjure Flame     |     1 |     3 |    38 |     6 ||    48
       Sticky Flame      |       |       |    17 |    40 ||    57
       Sting             |       |       |       |    66 ||    66
       Fireball          |       |       |       |    49 ||    49
       Ignite Poison     |       |       |       |    10 ||    10
  Use: Scroll            |       |       |     1 |    21 ||    22
       Potion            |       |       |       |     3 ||     3
 Stab: Sleeping          |     4 |       |     1 |       ||     5
  Eat: Chunk             |     4 |     7 |    22 |    33 ||    66
       Fruit             |       |       |     1 |     1 ||     2
Armor: Skin              |    44 |    25 |    61 |    51 ||   181
Dodge: Dodged            |    62 |    71 |   130 |   134 ||   397
